 Dungeon Crawl Stone Soup version 0.18-a0-373-gaf408bd (webtiles) character file.

10355 Raultor the Transmogrifier (level 11, -3/109 HPs)
             Began as a Green Draconian Transmuter on Nov 29, 2015.
             Was a High Priest of Makhleb.
             Slain by a seven-headed hydra (11 damage)
             ... on level 1 of the Lair of Beasts.
             The game lasted 00:51:09 (13775 turns).

Raultor the Transmogrifier (DrTm)                  Turns: 13775, Time: 00:51:10

Health: -3/109     AC:  6    Str: 13    XL:     11   Next: 35%
Magic:  10/15      EV: 13    Int: 14    God:    Makhleb [*****.]
Gold:   500        SH:  0    Dex: 17    Spells: 3 memorised, 5 levels left

rFire  x . .     SeeInvis .       - Unarmed
rCold  + + +     Clarity  .     (armour unavailable)
rNeg   . . .     SustAt   .     (shield currently unavailable)
rPois  +         Gourm    .     (helmet currently unavailable)
rElec  .         Spirit   .     (cloak currently unavailable)
rCorr  .         Warding  .     (gloves currently unavailable)
rMut   .         Stasis   .     (boots currently unavailable)
MR     .....                    (no amulet)
Stlth  ++........               (no ring)
                                B - +3 ring of dexterity

@: short of breath, ice-form, very slightly contaminated, hasted, very quick,
not resistant to hostile enchantments, unstealthy
A: (breathe noxious fumes), unfitting armour, (poison resistance),
(cold-blooded), MP-powered wands, AC +7
a: End Transformation, Minor Destruction, Lesser Servant of Makhleb, Major
Destruction, Greater Servant of Makhleb, Renounce Religion


You were on level 1 of the Lair of Beasts.
You worshipped Makhleb.
Makhleb was extremely pleased with you.
You were not hungry.
You were a creature of crystalline ice.
You visited 3 branches of the dungeon, and saw 13 of its levels.
You also visited: Sewer.

You collected 500 gold pieces.

Inventory:

Hand Weapons
 a - a +4 blowgun
Missiles
 l - 20 curare-tipped needles
 t - a throwing net (quivered)
 u - 244 arrows
 v - 69 poisoned needles
 K - 16 arrows of dispersal
Armour
 y - a +2 cloak (melded)
 H - a +2 buckler
Jewellery
 i - an uncursed ring of fire
 n - an uncursed amulet of stasis
 B - a +3 ring of dexterity (left front paw)
Wands
 D - a wand of draining (10)
 I - a wand of confusion (27)
Scrolls
 f - 3 scrolls of fear
 h - 4 scrolls of identify
 m - 6 scrolls of remove curse
 p - 2 scrolls of magic mapping
 q - 2 scrolls of enchant weapon
 s - 5 scrolls of teleportation
 w - 3 scrolls of blinking
 A - a scroll of immolation {unknown}
 M - a scroll of amnesia
Potions
 d - a potion of cure mutation
 e - 11 potions of curing
 j - 7 potions of flight
 r - a potion of magic
 x - a potion of berserk rage
 z - a potion of brilliance
 C - a potion of resistance
 F - a potion of invisibility
 N - a potion of lignification {unknown}
 O - 2 potions of poison {unknown}
 P - a potion of agility
Books
 b - a book of Changes

   Spells                             Type                      Level
   a - Beastly Appendage              Transmutation                1
   b - Sticks to Snakes               Transmutation                2
   c - Spider Form                    Transmutation/Poison         3
   d - Ice Form                       Ice/Transmutation            4
   e - Blade Hands                    Transmutation                5
 o - a book of Summonings

   Spells                             Type                      Level
   a - Recall                         Summoning/Translocation      3
   b - Aura of Abjuration             Summoning                    5
   c - Shadow Creatures               Summoning                    5
   d - Summon Demon                   Summoning                    5
   e - Summon Forest                  Summoning/Translocation      5
   f - Summon Mana Viper              Hexes/Summoning              5
Miscellaneous
 J - a phial of floods
Comestibles
 c - 7 bread rations
 g - 2 meat rations
 E - 6 beef jerkies
 G - 8 royal jellies
 L - 2 slices of pizza


   Skills:
 + Level 6.9 Fighting
 + Level 5.9 Dodging
 * Level 9.8 Unarmed Combat
 - Level 3.2 Spellcasting
 + Level 11.2 Transmutations
 - Level 4.5 Ice Magic
 + Level 2.4 Invocations


You had 5 spell levels left.
You knew the following spells:

 Your Spells              Type           Power        Failure   Level  Hunger
a - Ice Form              Ice/Trmt       ###.....     10%         4    #####..
b - Sticks to Snakes      Trmt           ####....     1%          2    ##.....
c - Blade Hands           Trmt           ####......   8%          5    ######.


Dungeon Overview and Level Annotations

Branches:
Dungeon (11/15)            Temple (1/1) D:4            Lair (1/8) D:8
    Orc (0/4) D:9

Altars:
Ashenzari
Cheibriados
Dithmenos
Elyvilon
Fedhas
Gozag
Kikubaaqudgha
Makhleb
Nemelex Xobeh
Okawaru
Qazlal
Ru
Sif Muna
Trog
Vehumet
Xom
Yredelemnul
Zin
The Shining One

Shops:
D:4 }   D:10 *%(

Annotations:
D:9 exclusion: orange crystal statue
Lair:1 exclusion: hydra


Innate Abilities, Weirdness & Mutations

((You can breathe blasts of noxious fumes.))
((Your lurid green scales are hard (AC +7).))
Your body does not fit into most forms of armour.
((Your system is resistant to poisons.))
((You are cold-blooded and may be slowed by cold attacks.))
You expend magic power (3 MP) to strengthen your wands.


Message History

The seven-headed hydra bites you!
The seven-headed hydra bites you but does no damage.
Drink which item? (? for menu, Esc to quit)
You feel yourself speed up.
The seven-headed hydra closely misses you.
The seven-headed hydra bites you!
* * * LOW HITPOINT WARNING * * *
The seven-headed hydra bites you!
* * * LOW HITPOINT WARNING * * *
The seven-headed hydra closely misses you.
The seven-headed hydra misses you.
The seven-headed hydra barely misses you. x2
You are very lightly contaminated with residual magic.
You punch the seven-headed hydra! You freeze the seven-headed hydra.
The seven-headed hydra seems to slow down.
The seven-headed hydra is heavily wounded.
You pummel the seven-headed hydra!! You freeze the seven-headed hydra.
The seven-headed hydra is almost dead.
The seven-headed hydra bites you!
You die...

#.... #.......... ....#
##....#.... ###...#
#...####... #.#...#
##......... r .....#
#......... ..r #...#
#...###..# .....###...# ###
#...#.....
./.........#####P####.........
.......$....DY................
..............................
###.#.........%.........#.....
# ##...r..##..#..##..##.....
###..###..##.###..####...
.............##..####...
..................##.###.
.........................
......................


You could see a seven-headed hydra and a river rat (confused).

Vanquished Creatures
  Sonja (D:10)
  A manticore (D:11)
  An elephant (D:8)
  The ghost of FishmanTm the Changer, a novice MfTm of Makhleb (D:4)
  A kobold demonologist (Sewer)
  2 trolls (D:11)
  6 yaks (D:11)
  A deep elf mage (D:9)
  A wraith (D:11)
  3 hungry ghosts
  A steam dragon (D:9)
  A water moccasin (Lair:1)
  2 soldier ants
  2 ice beasts
  An ogre (D:6)
  A porcupine (Lair:1)
  A wasp (D:9)
  7 orc warriors
  A black bear (D:7)
  2 sky beasts
  9 centaurs
  4 crocodiles
  3 big kobolds
  14 giant frogs
  A wyvern skeleton (D:8)
  4 scorpions
  9 killer bees
  4 crimson imps
  An electric eel (D:9)
  3 jellies
  Crazy Yiuf (D:4)
  A centaur zombie (D:8)
  4 hounds
  3 iguanas
  A gnoll shaman (D:8)
  9 orc priests
  9 orc wizards
  Natasha (D:2)
  5 worker ants
  3 big kobold zombies (Sewer)
  2 hound zombies
  3 gnolls (D:8)
  A worker ant zombie (D:6)
  2 shadow imps (Sewer)
  14 adders
  2 ufetubi (Sewer)
  2 oozes
  2 adder skeletons
  An adder zombie (Sewer)
  5 worms
  3 giant geckos
  49 orcs
  11 bats
  11 giant cockroaches
  7 goblins
  5 hobgoblins
  4 jackals (D:1)
  6 quokkas
  A giant gecko skeleton (D:4)
  4 giant newts
  41 kobolds
  6 rats
  2 plants (D:7)
310 creatures vanquished.

Vanquished Creatures (collateral kills)
  Grinder (Sewer)
  Eustachio (D:6)
  A hippogriff (D:11)
  An orc wizard (D:4)
  An orc priest (D:3)
  A big kobold zombie (Sewer)
  A shadow imp (Sewer)
  3 orcs
  A kobold (Sewer)
  A rat (D:3)
12 creatures vanquished.

Vanquished Creatures (others)
  A big kobold zombie (Sewer)
  An ooze (Sewer)
  A kobold zombie (Sewer)
3 creatures vanquished.

Grand Total: 325 creatures vanquished

Notes
Turn   | Place    | Note
--------------------------------------------------------------
     0 | D:1      | Raultor the Draconian Transmuter began the quest for the Orb.
     0 | D:1      | Reached XP level 1. HP: 16/16 MP: 3/3
   464 | D:1      | Reached XP level 2. HP: 15/23 MP: 3/5
  1038 | D:2      | Reached XP level 3. HP: 28/28 MP: 4/6
  1388 | D:2      | Reached skill level 4 in Transmutations
  1642 | D:2      | Reached XP level 4. HP: 30/35 MP: 7/7
  1862 | D:2      | Noticed Natasha
  1871 | D:2      | Killed Natasha
  1875 | D:2      | Learned a level 2 spell: Sticks to Snakes
  2287 | D:3      | Reached skill level 5 in Transmutations
  2458 | D:3      | Found a glowing drain.
  2510 | D:3      | Reached XP level 5. HP: 29/40 MP: 8/8
  2551 | Sewer    | Entered a sewer
  2885 | Sewer    | Gained mutation: Your body sometimes deteriorates upon taking damage. [potion of mutation]
  2885 | Sewer    | Gained mutation: You expend magic power (3 MP) to strengthen your wands. [potion of mutation]
  2885 | Sewer    | Lost mutation: Your body sometimes deteriorates upon taking damage. [potion of mutation]
  2889 | Sewer    | HP: 1/40 [shadow imp (3)]
  3428 | Sewer    | Reached skill level 6 in Transmutations
  3432 | Sewer    | Reached XP level 6. HP: 39/47 MP: 4/9
  3439 | Sewer    | Noticed an apprentice kobold demonologist
  3454 | Sewer    | Killed an apprentice kobold demonologist
  3454 | Sewer    | Reached skill level 7 in Transmutations
  3474 | Sewer    | Your scales start taking on a lurid green colour.
  3474 | Sewer    | Gained mutation: Your system is resistant to poisons. [Green Draconian growth]
  3474 | Sewer    | Reached XP level 7. HP: 19/52 MP: 3/10
  3575 | Sewer    | Noticed Grinder
  3602 | Sewer    | Killed Grinder
  3602 | Sewer    | Reached skill level 8 in Transmutations
  3614 | Sewer    | Learned a level 5 spell: Blade Hands
  3629 | Sewer    | Found a burning altar of Makhleb.
  3647 | Sewer    | Became a worshipper of Makhleb the Destroyer
  3812 | D:3      | Noticed an air elemental
  3814 | D:3      | Found a stormy altar of Qazlal.
  3815 | D:3      | Noticed a fire elemental
  3815 | D:3      | Noticed a water elemental
  4472 | D:4      | Found a staircase to the Ecumenical Temple.
  4496 | Temple   | Entered the Ecumenical Temple
  4824 | D:4      | Found Wolekeh's Gadget Shoppe.
  4880 | D:4      | Noticed FishmanTm's ghost (novice MfTm)
  4931 | D:4      | Killed FishmanTm's ghost
  4931 | D:4      | Reached skill level 9 in Transmutations
  4931 | D:4      | Reached XP level 8. HP: 31/59 MP: 6/11
  5044 | D:4      | Reached * piety under Makhleb
  5518 | D:4      | Noticed Crazy Yiuf
  5536 | D:4      | Killed Crazy Yiuf
  5810 | D:5      | Entered Level 5 of the Dungeon
  5810 | D:5      | Found a white marble altar of Elyvilon.
  5961 | D:5      | Found a blossoming altar of Fedhas.
  5964 | D:5      | Found a radiant altar of Vehumet.
  5966 | D:5      | Found a glowing golden altar of the Shining One.
  6833 | D:6      | Reached ** piety under Makhleb
  7030 | D:6      | Noticed Eustachio
  7044 | D:6      | Killed Eustachio
  7587 | D:6      | Found a sacrificial altar of Ru.
  7587 | D:6      | Found a shimmering altar of Xom.
  7711 | D:6      | Reached skill level 5 in Unarmed Combat
  7776 | D:6      | Reached XP level 9. HP: 55/68 MP: 8/13
  7953 | D:7      | Reached skill level 10 in Transmutations
  8331 | D:7      | Found a bloodstained altar of Trog.
  8528 | D:7      | Reached *** piety under Makhleb
  9179 | D:8      | Noticed an elephant
  9203 | D:8      | Killed an elephant
  9203 | D:8      | Reached **** piety under Makhleb
  9203 | D:8      | Reached skill level 5 in Fighting
  9371 | D:8      | Found a staircase to the Lair.
  9657 | D:8      | Found a glowing silver altar of Zin.
  9735 | D:8      | Reached XP level 10. HP: 81/81 MP: 8/14
 10025 | D:9      | Reached skill level 5 in Dodging
 10031 | D:9      | Reached ***** piety under Makhleb
 10056 | D:9      | Found a staircase to the Orcish Mines.
 10617 | D:9      | Noticed an orange crystal statue
 11321 | D:10     | Entered Level 10 of the Dungeon
 11332 | D:10     | Found Ula Iri's Food Boutique.
 11375 | D:10     | Found Wokoi's Weapon Shoppe.
 11436 | D:10     | Reached skill level 11 in Transmutations
 11512 | D:10     | Found Qucux's General Store.
 11595 | D:10     | Noticed Sonja
 11619 | D:10     | Killed Sonja
 11619 | D:10     | Reached skill level 1 in Invocations
 11953 | Lair:1   | Entered Level 1 of the Lair of Beasts
 12044 | Lair:1   | Noticed a four-headed hydra
 12069 | Lair:1   | Learned a level 4 spell: Ice Form
 12224 | D:11     | Reached skill level 1 in Ice Magic
 12285 | D:11     | Reached XP level 11. HP: 89/91 MP: 9/15
 13157 | D:11     | Noticed an eight-headed hydra
 13757 | Lair:1   | Noticed a seven-headed hydra
 13775 | Lair:1   | Slain by a seven-headed hydra

Vault maps used:
D:1:      eino_arrival_water_cross
D:2:      minmay_misc_feat_enclosed, uniq_natasha
D:3:      gup_sewer_entry_glass, nicolae_qazlal_style_of_elements
D:4:      minmay_temple_entry_junction2, first_bread, serial_shops,
          shop_fountains, uniq_crazy_yiuf_cottage
D:5:      kennysheep_big_flooded_room, grunt_temple_overflow_open, basic_altar,
          serial_glass, glass_columns_b, glass_columns_c
D:6:      gammafunk_temple_overflow_elements, uniq_eustachio
D:7:      kennysheep_kobold_camp, lightli_temple_of_fire
D:8:      zin_treasury, david_lair_generic
D:9:      erik_orc_2, minmay_fountain_box, hangedman_pestilent_swarm,
          minmay_protected_statue
D:10:     serial_shops, nicolae_shop_statue_plus, shop, shop, uniq_sonja
Temple:   oiseaux_autumnal_temple_12
Sewer:    kennysheep_sewer_church

Action                   |  1- 3 |  4- 6 |  7- 9 | 10-12 || total
-------------------------+-------+-------+-------+-------++-------
Melee: Unarmed           |   160 |   230 |   565 |   363 ||  1318
 Fire: Blowgun           |       |    16 |     2 |    11 ||    29
 Cast: Beastly Appendage |     6 |    13 |    16 |       ||    35
       Sticks to Snakes  |       |     6 |    13 |     2 ||    21
       Blade Hands       |       |       |    18 |    34 ||    52
       Ice Form          |       |       |       |     1 ||     1
Invok: Lesser Servant of |       |       |       |     1 ||     1
 Abil: Breathe Noxious F |       |       |       |     3 ||     3
       End Transformatio |       |       |       |     1 ||     1
  Use: Potion            |       |     5 |     4 |     2 ||    11
       Scroll            |       |       |    14 |     1 ||    15
 Stab: Sleeping          |     2 |     1 |     1 |     1 ||     5
       Distracted        |       |     2 |     2 |       ||     4
       Confused          |       |       |       |     5 ||     5
  Eat: Chunk             |     3 |     4 |    24 |    24 ||    55
       Royal jelly       |       |     1 |       |     1 ||     2
       Pizza             |       |       |     1 |       ||     1
       Bread ration      |       |       |     1 |       ||     1
       Beef jerky        |       |       |       |     2 ||     2
